 Dungeon Crawl Stone Soup version 0.31.0-11-ge490571c62 (webtiles) character file.

Game seed: 13253284034442001838

291 qw the Skirmisher (level 6, 0/35 HPs)
             Began as a Deep Elf Hunter on Feb 5, 2024.
             Slain by a gnoll
             ... wielding a +0 club
             ... led by a gnoll bouda
              (3 damage)
             ... on level 4 of the Dungeon.
             The game lasted 00:01:36 (2551 turns).

qw the Skirmisher (Deep Elf Hunter)                 Turns: 2551, Time: 00:01:37

Health: 0/35       AC:  7    Str: 10    XL:     6   Next: 10%
Magic:  8/8        EV: 16    Int: 14    God:
Gold:   147        SH:  0    Dex: 18    Spells: 5/5 levels left

rFire   . . .        i - +0 orcbow
rCold   . . .        (shield currently unavailable)
rNeg    . . .        h - +0 ring mail
rPois   .            (no helmet)
rElec   .            (no cloak)
rCorr   .            (no gloves)
SInv    +            d - +1 pair of boots
Will    .....        (no amulet)
Stlth   +            e - +5 ring of evasion
HPRegen 0.25/turn    k - ring of see invisible
MPRegen 0.11/turn

%: no passive effects
@: no status effects
A: no striking features
a: no special abilities


You were on level 4 of the Dungeon.
You visited 1 branch of the dungeon, and saw 4 of its levels.

You collected 147 gold pieces.


   Skills:
 - Level 2.1 Fighting
 + Level 9.4 Ranged Weapons
 - Level 2.4 Dodging
 - Level 1.2 Stealth


You had 5 spell levels left.
You didn't know any spells.
Your spell library was empty.

Inventory:

Hand Weapons
 i - a +0 orcbow (weapon)
Armour
 d - a +1 pair of boots (worn)
 h - a +0 ring mail (worn)
Jewellery
 c - a ring of protection from cold
 e - a +5 ring of evasion (left hand)
 k - a ring of see invisible (right hand)
Potions
 a - a potion of invisibility {unknown}
 f - a potion of haste {unknown}
 g - a potion of ambrosia {unknown}
 j - a potion of enlightenment

Dungeon Overview and Level Annotations

Branches:
Dungeon (4/15)
 Temple: D:4-7

Altars:


Message History

The gnoll bouda barks out a call to the hunt!
The gnoll picks up the pace!
The gnoll closely misses you.
You shoot an arrow. The arrow hits the gnoll bouda.
The gnoll bouda is almost dead.
The gnoll bouda barks out a call to the hunt!
The gnoll picks up the pace!
The gnoll barely misses you.
You shoot an arrow.
The arrow barely misses the gnoll bouda.
The arrow closely misses the gnoll.
The gnoll is no longer moving quickly.
The gnoll bouda barks out a call to the hunt!
The gnoll picks up the pace!
The gnoll hits you from afar with a +0 halberd!
The gnoll bouda prays to its god.
The gnoll bouda is healed somewhat.
You shoot an arrow. The arrow hits the gnoll bouda.
The gnoll bouda is severely wounded.
The gnoll misses you.
The gnoll bouda hits you with a +0 club.
The gnoll closely misses you.
You shoot an arrow.
The arrow closely misses the gnoll bouda.
The arrow closely misses the gnoll.
The gnoll bouda barely misses you. The gnoll completely misses you.
You shoot an arrow. The arrow hits the gnoll bouda!
You kill the gnoll bouda!
The gnoll closely misses you.
Your Fighting skill increases to level 2!
You have reached level 6!
You shoot an arrow. The arrow hits the gnoll.
The gnoll is lightly wounded.
The gnoll hits you but does no damage.
The gnoll hits you from afar with a +0 halberd.
You shoot an arrow. The arrow hits the gnoll.
The gnoll is heavily wounded.
The gnoll hits you with a +0 whip. The gnoll misses you.
The gnoll hits you with a +0 club.
You die...

#..##.#.#.#.###..#
#<...............#
#..##.#.#.#.#.#..#
..........#.#...#..#
#.#######.#.#.#.#.#..#
###.#.....#.#..#
..........#.#..#
.#g#!....#.#.##
#.#@#..........
#.#g#.......###
###...g.....#.###
.................
#..##.#.#..g..#.####
## #.....).........
#.#.###......... #.#.#
#......... . #.#
##....####


You could see 3 gnolls.

Vanquished Creatures
  An ice beast (D:3)
  A gnoll bouda (D:4)
  An orc priest (D:2)
  An orc wizard (D:2)
  2 gnolls
  2 adders
  3 dart slugs (D:1)
  11 orcs
  5 bats
  5 endoplasms
  4 goblins
  2 hobgoblins
  4 jackals (D:1)
  2 quokkas (D:1)
  8 ball pythons
  4 frilled lizards
  8 kobolds
  5 rats
69 creatures vanquished.

Notes
Turn   | Place    | Note
-------+----------+-------------------------------------------
     0 | D:1      | qw the Deep Elf Hunter began the quest for the Orb.
     0 | D:1      | Reached XP level 1. HP: 12/12 MP: 3/3
     0 | D:1      | 0 ||| qw: Version: 0.3-a-160-g6735b56
     0 | D:1      | 0 ||| qw: Game counter: 6279
     0 | D:1      | 0 ||| qw: Melee chars always use a shield: true
     0 | D:1      | 0 ||| qw: God list: Okawaru
     0 | D:1      | 0 ||| qw: Allow faded altars: false
     0 | D:1      | 0 ||| qw: Do Orc after clearing Dungeon:15 true
     0 | D:1      | 0 ||| qw: Do second Lair branch before Depths: true
     0 | D:1      | 0 ||| qw: Lair rune preference: random
     0 | D:1      | 0 ||| qw: Goals: Normal
     0 | D:1      | 0 ||| PLANNING D:1-11
   105 | D:1      | Reached skill level 6 in Ranged Weapons
   105 | D:1      | Reached XP level 2. HP: 16/16 MP: 4/4
   328 | D:1      | 328 ||| RETREEEEATING.
   417 | D:1      | Reached XP level 3. HP: 14/20 MP: 5/5
   753 | D:1      | 753 ||| UPGRADING to +0 pair of boots.
   758 | D:1      | 758 ||| UPGRADING to +5 ring of evasion.
   759 | D:1      | 759 ||| UPGRADING to ring of see invisible.
   760 | D:1      | 760 ||| READING scroll labelled UCLYEME DUNO.
   761 | D:1      | 761 ||| READING scroll labelled BYSCHOCASUO.
   762 | D:1      | 762 ||| DRINKING 2 inky potions.
   763 | D:1      | 763 ||| DROPPING scroll of butterflies.
   765 | D:1      | 765 ||| Stepping ~*~*~tactically~*~*~ (cloud).
   765 | D:1      | HP: 3/20 [poisoned by you (poison gas)]
   766 | D:1      | 766 ||| DRINKING potion of curing.
   766 | D:1      | 766 ||| (to cure poison)
   839 | D:2      | Reached skill level 7 in Ranged Weapons
   843 | D:2      | 843 ||| STAIRDANCE
  1173 | D:2      | 1173 ||| SWAPPING to +0 orcbow.
  1204 | D:2      | 1204 ||| DROPPING +0 shortbow.
  1234 | D:2      | Reached XP level 4. HP: 25/25 MP: 6/6
  1241 | D:2      | Reached skill level 8 in Ranged Weapons
  1578 | D:2      | 1578 ||| READING scroll labelled LISALAQAJIN.
  1632 | D:3      | Reached XP level 5. HP: 12/29 MP: 7/7
  1876 | D:3      | 1876 ||| UPGRADING to +0 scale mail.
  1886 | D:3      | 1886 ||| DROPPING +0 leather armour.
  1887 | D:3      | 1887 ||| UPGRADING to +0 ring mail.
  1897 | D:3      | 1897 ||| DROPPING +0 scale mail.
  1898 | D:3      | 1898 ||| READING scroll labelled JER NEUDWUSU.
  1898 | D:3      | 1898 ||| ENCHANTING +0 pair of boots.
  1899 | D:3      | 1899 ||| DRINKING 2 viscous blue potions.
  1991 | D:3      | Found a faded altar of an unknown god.
  2009 | D:3      | Noticed an ice beast
  2021 | D:3      | HP: 7/29 [ice beast (2)]
  2021 | D:3      | HP: 2/29 [ice beast (5)]
  2024 | D:3      | Killed an ice beast
  2025 | D:3      | Reached skill level 9 in Ranged Weapons
  2358 | D:3      | 2358 ||| READING scroll labelled LUCKOUTASOH.
  2358 | D:3      | 2358 ||| IDENTIFYING puce potion
  2359 | D:3      | 2359 ||| DROPPING potion of magic.
  2530 | D:4      | 2530 ||| RETREEEEATING.
  2531 | D:4      | 2531 ||| RETREEEEATING.
  2532 | D:4      | 2532 ||| RETREEEEATING.
  2533 | D:4      | 2533 ||| RETREEEEATING.
  2534 | D:4      | 2534 ||| RETREEEEATING.
  2535 | D:4      | 2535 ||| RETREEEEATING.
  2550 | D:4      | Reached XP level 6. HP: 10/35 MP: 8/8
  2550 | D:4      | HP: 7/35 [gnoll/+0 halberd[a gnoll bouda] (3)]
  2551 | D:4      | HP: 3/35 [gnoll/+0 whip[a gnoll bouda] (4)]
  2551 | D:4      | Slain by a gnoll

Levels and vault maps discovered:
D:1:      dpeg_arrival_rooms_c, layout_basic
D:2:      layout_loops_cross
D:3:      layout_loops_ring, basic_ecumenical_altar,
          corexii_item_surrounded_by_moat, hangedman_glass_teeth
D:4:      layout_basic, marbit_many_paths, mainiacjoe_overflow_divided_tiny,
          serial_shops, nicolae_shop_tiny_statue_garden, serial_bayou_pond_d,
          uniq_grinder

Skill      XL: |  1  2  3  4  5 |
---------------+----------------+-----
Ranged Weapons | 6 7 8 9 |  9.4
Fighting       | 2 |  2.1
Dodging        | |  2.4
Stealth        | |  1.2

Action                     |  1- 3 |  4- 6 || total
---------------------------+-------+-------++-------
   Fire: Shortbow          |   103 |       ||   103
         Orcbow            |    21 |    88 ||   109
    Use: Scroll            |     2 |     3 ||     5
         Potion            |     2 |     1 ||     3
 Armour: Leather armour    |    35 |     9 ||    44
         Ring mail         |       |    16 ||    16
  Dodge: Dodged            |    51 |    43 ||    94

Table legend:
 A = Non-vault XP
 B = Vault XP
 C = Vault XP percentage of total XP
 D = Non-vault monster count
 E = Vault monster count
 F = Vault count percentage of total count
                 A         B        C        D         E       F
            +---------+---------+-------+---------+---------+-------
      Total |     416 |       0 |   0.0 |      69 |       0 |   0.0
            +---------+---------+-------+---------+---------+-------
        D:1 |      75 |       0 |   0.0 |      29 |       0 |   0.0
        D:2 |     109 |       0 |   0.0 |      20 |       0 |   0.0
        D:3 |     173 |       0 |   0.0 |      16 |       0 |   0.0
        D:4 |      59 |       0 |   0.0 |       4 |       0 |   0.0
            +---------+---------+-------+---------+---------+-------
